 Dungeon Crawl Stone Soup version 0.29.1-1-gd02db6906a (webtiles) character file.

Game seed: 625601944855696877

35 safid the Shooter (level 3, 0/31 HPs)
             Began as a Minotaur Hunter on Oct 14, 2022.
             Slain by an adder (4 damage)
             ... on level 3 of the Dungeon.
             The game lasted 00:01:42 (963 turns).

safid the Shooter (Minotaur Hunter)                  Turns: 963, Time: 00:01:42

Health: 0/31       AC:  3    Str: 15    XL:     3   Next: 17%
Magic:  2/2        EV: 12    Int:  6    God:
Gold:   62         SH:  0    Dex: 15    Spells: 2/2 levels left

rFire   + . .      SeeInvis .   a - +0 shortbow
rCold   + . .      Faith    .   (shield currently unavailable)
rNeg    . . .      Spirit   .   c - +0 leather armour
rPois   +          Reflect  .   (helmet restricted)
rElec   +          Harm     .   (no cloak)
rCorr   +          Rampage  .   (no gloves)
Will    .....                   (no boots)
Stlth   +.........              (no amulet)
HPRegen 0.10/turn               (no ring)
MPRegen 0.08/turn               (no ring)

@: resistant
A: horns 2, retaliatory headbutt
a: no special abilities


You were on level 3 of the Dungeon.
You visited 1 branch of the dungeon, and saw 3 of its levels.

You collected 62 gold pieces.

Inventory:

Hand Weapons
 a - a +0 shortbow (weapon)
Armour
 c - a +0 leather armour (worn)
Wands
 k - a wand of charming (6)
Scrolls
 b - a scroll of immolation
 e - 3 scrolls of butterflies {unknown}
 g - a scroll of silence {unknown}
 h - a scroll of teleportation {unknown}
Potions
 i - a potion of experience {unknown}
 j - a potion of flight {unknown}


   Skills:
 - Level 3.0 Fighting
 + Level 5.4 Ranged Weapons
 - Level 2.1 Dodging
 - Level 0.7 Stealth


You had 2 spell levels left.
You didn't know any spells.
Your spell library was empty.

Dungeon Overview and Level Annotations

Branches:
Dungeon (2/15)

Altars:


Innate Abilities, Weirdness & Mutations

You have a pair of horns on your head.
You reflexively headbutt those who attack you in melee.


Message History

Fire: a) +0 shortbow
Press: ? - help, Q - select action, (/) - cycle Shift-Dir - straight line, f/p - adder
Aim: an adder (severely wounded, 44% to hit)
You shoot an arrow. The arrow closely misses the adder.
You feel sick. The adder barely misses you.
Unknown command.
Fire: a) +0 shortbow
Press: ? - help, Q - select action, (/) - cycle Shift-Dir - straight line, f/p - adder
Aim: an adder (severely wounded, 44% to hit)
You shoot an arrow. The arrow closely misses the adder.
You feel sick. The adder bites you.
* * * LOW HITPOINT WARNING * * *
You are lethally poisoned!
The adder poisons you! The adder barely misses you.
It was a potion of resistance.
You feel protected.
* * * LOW HITPOINT WARNING * * *
You feel sick. The adder closely misses you.
It was a potion of curing.
You feel better. The adder bites you.
* * * LOW HITPOINT WARNING * * *
The adder bites you but does no damage.
Fire: a) +0 shortbow
Press: ? - help, Q - select action, (/) - cycle Shift-Dir - straight line, f/p - adder
Aim: an adder (severely wounded, 44% to hit)
You shoot an arrow. The arrow hits the adder.
The adder is almost dead.
The adder bites you but does no damage.
Fire: a) +0 shortbow
Press: ? - help, Q - select action, (/) - cycle Shift-Dir - straight line, f/p - adder
Aim: an adder (almost dead, 44% to hit)
You shoot an arrow. The arrow closely misses the adder.
The adder bites you.
* * * LOW HITPOINT WARNING * * *
The adder misses you.
Fire: a) +0 shortbow
Press: ? - help, Q - select action, (/) - cycle Shift-Dir - straight line, f/p - adder
Aim: an adder (almost dead, 44% to hit)
You shoot an arrow. The arrow closely misses the adder.
The adder bites you.
You die...

........#.#.#
........#.#.# #
#+#######.#.# #...
..#.# ### .#.##
###.# #... ...#
#.# #...##?.# #.#
+..<...)# #.#
#.....S@### #.#
######....# #.#
........#.######.#
######.).........#
#.##.######## #.
#.# #. #.# #. #.#
#. #.#


You could see an adder.

Vanquished Creatures
  2 ball pythons (D:1)
  2 bats (D:1)
  4 endoplasms
  4 giant cockroaches
  3 goblins
  4 hobgoblins
  2 kobolds
  2 quokkas
  A frilled lizard (D:1)
  5 rats (D:1)
29 creatures vanquished.

Notes
Turn   | Place    | Note
-------+----------+-------------------------------------------
     0 | D:1      | safid the Minotaur Hunter began the quest for the Orb.
     0 | D:1      | Reached XP level 1. HP: 18/18 MP: 0/0
   230 | D:1      | Reached XP level 2. HP: 25/25 MP: 1/1
   400 | D:1      | Found a faded altar of an unknown god.
   409 | D:1      | Reached skill level 5 in Ranged Weapons
   864 | D:2      | Reached XP level 3. HP: 31/31 MP: 2/2
   876 | D:2      | You fall into a shaft and drop 1 floor!
   963 | D:3      | Slain by an adder

Illustrated notes

Levels and vault maps discovered:
D:1:      erik_arrival_cave_to_civilisation [erik_arrival_cave_to_hall],
          layout_basic, shapermc_ecumenical_altar_acropolis
D:2:      layout_basic
D:3:      layout_basic, uniq_natasha

Skill      XL: |  1  2 |
---------------+-------+-----
Fighting       | 3 |  3.0
Ranged Weapons | 5 |  5.4
Dodging        | |  2.1
Stealth        | |  0.7

Action                   || total
-------------------------++-------
 Fire: Shortbow          ||   100
  Use: Potion            ||     2
Armor: Leather armour    ||     6
Dodge: Dodged            ||    30
